 Dungeon Crawl Stone Soup version 0.30-a0-782-ge64f9170bb (webtiles) character file.

Game seed: 171062944260063003

8931 Drevant2 the Tainter (level 11, -1/73 HPs)
             Began as a Demonspawn Venom Mage on Feb 23, 2023.
             Was a Priest of Qazlal.
             Slain by a vampire (2 damage)
             ... on level 8 of the Dungeon.
             The game lasted 00:31:55 (9497 turns).

Drevant2 the Tainter (Demonspawn Venom Mage)        Turns: 9497, Time: 00:31:55

Health: -1/73      AC: 16    Str:  9    XL:     11   Next: 16%
Magic:  14/14      EV: 11    Int: 21    God:    Qazlal [***...]
Gold:   428        SH:  3    Dex: 13    Spells: 4/14 levels left

rFire   . . .      SeeInvis .    s - staff of poison
rCold   . . .      Faith    .    (no shield)
rNeg    . . .      Spirit   .    y - +1 acid dragon scales
rPois   +          Reflect  .    r - +2 helmet
rElec   .          Harm     .    (no cloak)
rCorr   +          Rampage  .    j - +0 pair of gloves
Will    .....                    (no boots)
Stlth   +                        l - amulet of magic regeneration
HPRegen 0.32/turn                v - +4 ring of protection
MPRegen 0.68/turn                (no ring)

@: no status effects
A: hooves 2, spiny 2, magic regeneration, sharp scales 1
a: Renounce Religion, Upheaval, Elemental Force


You were on level 8 of the Dungeon.
You worshipped Qazlal.
Qazlal was most pleased with you.
You visited 2 branches of the dungeon, and saw 10 of its levels.
You also visited: Bailey.

You collected 554 gold pieces.
You spent 126 gold pieces at shops.

Inventory:

Hand Weapons
 c - a +0 dagger
 f - a +0 quarterstaff
Missiles
 m - 2 silver javelins
Armour
 a - a +0 robe
 j - a +0 pair of gloves (worn)
 r - a +2 helmet (worn)
 y - +1 acid dragon scales (worn)
Magical Staves
 s - a staff of poison (weapon)
Jewellery
 l - an amulet of magic regeneration (around neck)
 q - a ring of ice
 v - a +4 ring of protection (left hand)
 w - a ring of poison resistance
 z - an amulet of regeneration
 E - the macabre finger necklace {Finger+ rN+}
   (You found it on level 7 of the Dungeon)

   [amulet of nothing]

   Finger+:   It enables you to equip an extra ring.
   rN:        It protects you from negative energy.
 J - a ring of resist corrosion
 L - the ring of the Tortoise {AC+8}
   (You took it off an orc wizard on level 8 of the Dungeon)

   [ring of protection]

   AC:        It affects your AC (+8).
Wands
 F - a wand of flame (3)
 I - a wand of mindburst (18)
Scrolls
 e - 2 scrolls of noise {unknown}
 g - a scroll of immolation
 h - a scroll of enchant armour
 i - 3 scrolls of fog {unknown}
 k - a scroll of vulnerability {unknown}
 n - 2 scrolls of magic mapping {unknown}
 p - a scroll of poison
 B - a scroll of torment {unknown}
 D - 2 scrolls of amnesia {unknown}
 M - a scroll of identify
Potions
 b - a potion of magic
 d - 5 potions of curing
 o - 2 potions of degeneration
 u - a potion of attraction
 x - a potion of haste {unknown}
 A - 3 potions of flight
 C - 3 potions of lignification
 G - 2 potions of heal wounds {unknown}
 H - a potion of cancellation
 K - 2 potions of brilliance


   Skills:
 + Level 2.5 Fighting
 - Level 9.4 Staves
 - Level 1.7 Dodging
 - Level 1.7 Stealth
 - Level 2.0 Spellcasting
 - Level 4.0 Transmutations
 - Level 13.3 Poison Magic


You had 4 spell levels left.
You knew the following spells:

 Your Spells              Type           Power      Damage    Failure   Level
a - Sting                 Tmut/Pois      100%       1d8       1%          1
b - Olgreb's Toxic Radia  Pois           72%        N/A       1%          4
c - Alistair's Intoxicat  Tmut/Pois      36%        N/A       19%         5

Your spell library contained the following spells:

 Spells                   Type           Power      Damage    Failure   Level
 Poisonous Vapours        Pois/Air       90%        N/A       2%          2
 Mephitic Cloud           Conj/Pois/Air  31%        N/A       12%         3
 Apportation              Tloc           4%         N/A       24%         1
 Ozocubu's Armour         Ice            2%         N/A       58%         3
 Stone Arrow              Conj/Erth      4%         3d7       58%         3
 Animate Armour           Summ/Erth      4%         N/A       94%         4
 Metabolic Englaciation   Hex/Ice        1%         N/A       100%        5
 Simulacrum               Ice/Necr       1%         N/A       100%        6
 Lehudib's Crystal Spear  Conj/Erth      1%         10d2      100%        8


Dungeon Overview and Level Annotations

Branches:
Dungeon (9/15)             Temple (1/1) D:6            Lair (0/5) D:9
 Bailey (visited)
    Orc: D:9-12

Altars:
Cheibriados
Dithmenos
Fedhas
Gozag
Hepliaklqana
Kikubaaqudgha
Makhleb
Nemelex Xobeh
Okawaru
Qazlal
Sif Muna
Trog
Uskayaw
Vehumet
Wu Jian
Xom
Yredelemnul

Shops:
D:7 =*

Annotations:
D:5 3 runed translucent doors, Menkaure; Pascal76's ghost, amateur MfMo


Innate Abilities, Weirdness & Mutations

You have hoof-like feet.
You are mostly covered in sharp spines.
You regenerate magic rapidly.
You are partially covered in razor-sharp scales. (AC +1, Slay +1)


Message History

You hit the vampire but do no damage.
The vampire is severely damaged.
The vampire casts a spell at you. You resist with some effort.
You closely miss the vampire. You kick the vampire.
The vampire is almost destroyed.
You hit the vampire. You kick the vampire, but do no damage.
The vampire is almost destroyed.
The vampire draws life force from you.
The vampire is healed by the life force!
You hit the vampire but do no damage. Your kick misses the vampire.
The vampire is almost destroyed.
The vampire closely misses you. x2
You hit the vampire but do no damage. Your kick misses the vampire.
The vampire is almost destroyed.
The vampire gestures wildly while chanting.
The vampire flickers and vanishes!
Deactivating autopickup; reactivate with Ctrl-A.
You hit something but do no damage. You kick something. You miss something.
You kick something. Something hits you. Something bites you but does no damage.
You closely miss something. Something hits you!
* * * LOW HITPOINT WARNING * * *
Something bites you.
* * * LOW HITPOINT WARNING * * *
Something draws strength from your injuries!
You hit something but do no damage. You kick something.
Something draws life force from you!!
* * * LOW HITPOINT WARNING * * *
You hit something but do no damage. Your kick misses something.
You hit something but do no damage. Your kick misses something.
Something hits you.
* * * LOW HITPOINT WARNING * * *
Something bites you!
* * * LOW HITPOINT WARNING * * *
Something draws strength from your injuries!
You feel better. Something draws life force from you!
* * * LOW HITPOINT WARNING * * *
Something hits you but does no damage. Something bites you.
You die...

.# ##.#...._._..#.#..
#...###
#.#......#..)....
#..##
#.###...._._..#.# #..#
#.# #...........# #.##
##
##.........########.#
##..#.#..##........#
##.....##...###.### #
.. ..###.###.........#
###..
........){@.........##
.....
.....#############..[#
.......... #...#
..#...... #...#
..#..... #.#.# .......
#.### ..# #.# ..# ###
..#


There were no monsters in sight!

Vanquished Creatures
  A centaur warrior (D:8)
  2 two-headed ogres (D:8)
  A cyclops (D:8)
  A troll (D:7)
  11 yaks (D:9)
  2 steam dragons
  3 acid dragons (D:9)
  4 water moccasins
  5 orc warriors
  2 ogres
  2 black bears
  2 sky beasts (D:8)
  3 centaurs
  A phantom (D:7)
  A kobold brigand (D:6)
  7 bullfrogs
  3 necrophages
  7 scorpions
  6 wights
  4 killer bees (D:8)
  2 electric eels
  A howler monkey (D:4)
  2 jellies (D:5)
  3 hounds
  6 orc priests
  3 gnoll boudas
  2 iguanas
  4 orc wizards
  Robin (D:2)
  3 gnolls (D:3)
  5 adders
  7 shadow imps
  8 white imps (D:7)
  9 ufetubi
  5 worms
  3 dart slugs
  39 orcs
  8 endoplasms
  4 giant cockroaches
  16 goblins
  10 hobgoblins
  6 jackals
  11 kobolds
  4 quokkas
  8 ball pythons
  5 bats
  6 frilled lizards
  9 rats
258 creatures vanquished.

Vanquished Creatures (others)
  A white imp (D:8)
  An orc (D:8)
  34 fungi (D:9)
  44 plants (D:9)
80 creatures vanquished.

Grand Total: 338 creatures vanquished

Notes
Turn   | Place    | Note
-------+----------+-------------------------------------------
     0 | D:1      | Drevant2 the Demonspawn Venom Mage began the quest for the
                  | Orb.
     0 | D:1      | Reached XP level 1. HP: 13/13 MP: 3/3
   221 | D:1      | Gained mutation: You are partially covered in sharp spines.
                  | [demonic ancestry]
   221 | D:1      | Reached XP level 2. HP: 19/19 MP: 5/5
   301 | D:1      | Found a faded altar of an unknown god.
   497 | D:1      | Reached skill level 4 in Poison Magic
   716 | D:1      | Reached XP level 3. HP: 24/24 MP: 4/6
  1224 | D:2      | Gained mutation: You are mostly covered in sharp spines.
                  | [demonic ancestry]
  1224 | D:2      | Reached XP level 4. HP: 24/30 MP: 7/7
  1327 | D:2      | Reached skill level 5 in Poison Magic
  1563 | D:2      | Found a hide-covered altar of Uskayaw.
  1579 | D:2      | Noticed Robin
  1600 | D:2      | Killed Robin
  1964 | D:3      | Reached XP level 5. HP: 35/35 MP: 6/8
  1968 | D:3      | Reached skill level 1 in Staves
  2237 | D:3      | Reached skill level 6 in Poison Magic
  2741 | D:3      | Learned a level 4 spell: Olgreb's Toxic Radiance
  3118 | D:4      | Gained mutation: You are partially covered in razor-sharp
                  | scales. (AC +1, Slay +1) [demonic ancestry]
  3118 | D:4      | Reached XP level 6. HP: 34/41 MP: 7/9
  3361 | D:4      | Noticed a steam dragon
  3566 | D:5      | Entered Level 5 of the Dungeon
  3604 | D:5      | Found a runed translucent gate.
  3605 | D:5      | Found a runed translucent gate.
  3605 | D:5      | Found a runed translucent gate.
  3606 | D:5      | Noticed Pascal76's ghost (amateur MfMo)
  3691 | D:5      | Reached XP level 7. HP: 46/46 MP: 7/10
  3700 | D:5      | Reached skill level 7 in Poison Magic
  3842 | D:5      | Learned a level 5 spell: Alistair's Intoxication
  3855 | D:5      | Reached skill level 1 in Transmutations
  4017 | D:5      | Noticed Menkaure
  4437 | D:6      | Reached skill level 5 in Staves
  4437 | D:6      | Gained mutation: You regenerate magic rapidly. [demonic
                  | ancestry]
  4437 | D:6      | Reached XP level 8. HP: 28/52 MP: 9/11
  5134 | D:6      | Found a staircase to the Ecumenical Temple.
  5203 | Temple   | Entered the Ecumenical Temple
  5210 | Temple   | Became a worshipper of Qazlal Stormbringer
  5297 | D:6      | You fall into a shaft and drop 3 floors!
  5537 | D:9      | Reached skill level 8 in Poison Magic
  5565 | D:9      | Reached XP level 9. HP: 24/57 MP: 7/12
  5585 | D:9      | Found a burning altar of Makhleb.
  5585 | D:9      | Noticed a cacodemon
  5589 | D:8      | Noticed a two-headed ogre
  5628 | D:9      | Reached skill level 9 in Poison Magic
  5768 | D:9      | Found a flagged portal.
  5791 | Bailey   | Entered a bailey
  6036 | Bailey   | Noticed an orc knight
  6100 | D:9      | Reached * piety under Qazlal
  6117 | D:9      | Reached skill level 10 in Poison Magic
  6117 | D:9      | Found a staircase to the Lair.
  6535 | D:9      | Reached skill level 11 in Poison Magic
  6648 | D:9      | Gained mutation: You have large cloven feet. [demonic
                  | ancestry]
  6648 | D:9      | Reached XP level 10. HP: 55/63 MP: 4/13
  7004 | D:9      | Found a blossoming altar of Fedhas.
  7166 | D:8      | Found a bloodstained altar of Trog.
  7166 | D:8      | Found an iron altar of Okawaru.
  7289 | D:8      | Noticed a centaur warrior
  7290 | D:8      | Noticed a cyclops
  7460 | D:7      | Found the macabre finger necklace {Finger+ rN+}
  7530 | D:7      | Reached ** piety under Qazlal
  7569 | D:7      | Reached skill level 12 in Poison Magic
  7942 | D:7      | Found Faujemiweq's Assorted Antiques.
  7953 | D:7      | Found Goull's Jewellery Emporium.
  7955 | D:7      | Bought 2 dark potions for 48 gold pieces
  7955 | D:7      | Bought a scroll of identify for 54 gold pieces
  7955 | D:7      | Bought a yellow potion for 24 gold pieces
  8367 | D:8      | Killed a centaur warrior
  8407 | D:8      | Killed a cyclops
  8408 | D:8      | Reached skill level 13 in Poison Magic
  8763 | D:8      | Noticed a two-headed ogre
  8771 | D:8      | HP: 2/63 [two-headed ogre/+0 giant club (18)]
  8775 | D:8      | Killed a two-headed ogre
  8776 | D:8      | Gained mutation: You have hoof-like feet. [demonic
                  | ancestry]
  8776 | D:8      | Reached XP level 11. HP: 4/68 MP: 9/14
  9085 | D:8      | Reached *** piety under Qazlal
  9143 | D:8      | Identified the +0 sling "Lualibb" {drain, rF- rN+ Will+}
  9150 | D:8      | Found a hazy altar of Hepliaklqana.
  9169 | D:8      | Found a snail-covered altar of Cheibriados.
  9233 | D:8      | Found a shimmering altar of Xom.
  9234 | D:8      | Found a bloodstained altar of Trog.
  9256 | D:8      | Noticed a two-headed ogre
  9477 | D:8      | Killed a two-headed ogre
  9496 | D:8      | HP: 1/73 [something (12)]
  9497 | D:8      | Slain by a vampire

Illustrated notes

Levels and vault maps discovered:
D:1:      minmay_arrival_doors, layout_rooms, hellmonk_ecumenical_altar_zigzags
D:2:      layout_loops_ring, basic_altar, grunt_ministairs_13,
          minmay_divided_ellipse, uniq_robin
D:3:      layout_basic, tso_altar
D:4:      layout_rooms, nicolae_ru_the_path_less_chosen
D:5:      layout_basic, gammafunk_ghost_split,
          amcnicky_mini_rare_corridor_liquid, uniq_menkaure
D:6:      layout_rooms, lemuel_temple_firewalk_a, nicolae_nh_ransacked_shop,
          uniq_crazy_yiuf_cottage
D:7:      layout_gridville, serial_shops, shop, serial_demonic,
          serial_demonic_a, serial_demonic_e, serial_demonic_a,
          serial_demonic_d, serial_demonic_f, serial_demonic_a,
          minmay_shop_enchanted_jewellery, corexii_corridor_pit, minivault_4
D:8:      minmay_the_grid_octo_tiled_squarecenter
          [minmay_the_grid_octo_concentric, minmay_the_grid_octo_shrine,
          minmay_the_grid_octo_fat_diamond, minmay_the_grid_octo_toaster,
          minmay_the_grid_square_5x5_megaprize_diamond,
          minmay_the_grid_square_5x5_minimal,
          minmay_the_grid_square_5x5_misaligned,
          minmay_the_grid_square_5x5_two_walls_a, minmay_the_grid_square_5x5_z],
          layout_rooms, grunt_temple_overflow_bloody_war, st_stairs_3,
          kennysheep_small_spiral
D:9:      minmay_evil_eye, layout_gridville, makhleb_altar_promises_db,
          fedhas_altar_3, due_lair_maze_entry_diamond, enter_bailey_3
Temple:   nicolae_temple_no_exploring_needed

Skill      XL: |  1  2  3  4  5  6  7  8  9 10 11 |
---------------+----------------------------------+-----
Poison Magic   | 4 5 6 7 8 11 13 | 13.3
Staves         | 2 3 5 6 7 9 |  9.4
Transmutations | 3 4 |  4.0
Fighting       | 2 |  2.5
Dodging        | |  1.7
Stealth        | |  1.7
Spellcasting   | |  2.0

Action                     |  1- 3 |  4- 6 |  7- 9 | 10-12 || total
---------------------------+-------+-------+-------+-------++-------
  Melee: Dagger            |    16 |       |       |       ||    16
         Unarmed           |     3 |       |       |       ||     3
         Quarterstaff      |    41 |     5 |       |       ||    46
         Staff             |       |    36 |   105 |   194 ||   335
         Punch             |       |       |     2 |     3 ||     5
         Kick              |       |       |       |    75 ||    75
   Cast: Sting             |    46 |   100 |   139 |    17 ||   302
         Olgreb's Toxic Ra |       |       |     8 |    19 ||    27
    Use: Scroll            |       |       |    11 |     9 ||    20
         Potion            |       |       |     3 |     5 ||     8
   Stab: Sleeping          |     1 |     1 |       |       ||     2
 Armour: Robe              |    14 |    32 |    56 |       ||   102
         Acid dragon scale |       |       |    57 |    96 ||   153
  Dodge: Dodged            |    45 |    42 |   112 |    95 ||   294
  Block: Other             |       |       |     4 |    16 ||    20

Table legend: (Time is in decaauts)
 A = Elapsed time spent in this place.
 B = Non-inter-level travel time spent in this place.
 C = Inter-level travel time spent in this place.
 D = Time resting spent in this place.
 E = Time spent auto-exploring this place.
 F = Levels seen in this place.
 G = Mean time per level.
                   A        B        C        D        E       F      G
               +--------+--------+--------+--------+--------+-----+--------+
         Total |   9468 |   8463 |   1005 |   2793 |   3541 |  11 |  860.7 |
       Dungeon |   9173 |   8180 |    993 |   2658 |   3541 |   9 | 1019.2 |
        Temple |     14 |      2 |     12 |      0 |      0 |   1 |   14.0 |
        Bailey |    280 |    280 |      0 |    135 |      0 |   1 |  280.0 |
               +--------+--------+--------+--------+--------+-----+--------+

Top non-repeatable levels by time:
     D:8: 1400 daAuts
     D:9: 1351 daAuts
     D:7: 1125 daAuts
     D:2: 1102 daAuts
     D:3: 1095 daAuts
     D:6: 946 daAuts
     D:1: 887 daAuts
     D:5: 768 daAuts
     D:4: 496 daAuts
  Bailey: 280 daAuts
  Temple: 14 daAuts
